 Dungeon Crawl Stone Soup version 0.17-a0-1989-gfb2cd5c (webtiles) character file.

684 Umaruun the Gusty (level 7, -22/56 HPs)
             Began as a Black Draconian Air Elementalist on Oct 7, 2015.
             Killed from afar by an orc wizard (35 damage)
             ... with an exploding inner flame
             ... hexed by the player character
             ... on level 4 of the Dungeon.
             The game lasted 00:30:50 (4153 turns).

Umaruun the Gusty (DrAE)                            Turns: 4153, Time: 00:30:50

Health: -22/56     AC:  7    Str: 10    XL:     7   Next: 35%
Magic:  5/13       EV: 13    Int: 18    God:
Gold:   119        SH:  0    Dex: 11    Spells: 1 memorised, 13 levels left

rFire  . . .     SeeInvis .       - Unarmed
rCold  . . .     Clarity  .     (armour unavailable)
rNeg   . . .     SustAt   .     (no shield)
rPois  .         Gourm    .     (helmet restricted)
rElec  +         Spirit   .     (no cloak)
rCorr  .         Warding  .     l - +0 pair of gloves
rMut   .         Stasis   .     (no boots)
MR     .....                    (no amulet)
Stlth  ++........               (no ring)
                                (no ring)

@: not resistant to hostile enchantments, unstealthy
A: breathe lightning, unfitting armour, electricity resistance, cold-blooded, AC
+6
a: Breathe Lightning


You were on level 4 of the Dungeon.
You were hungry.

You visited 1 branch of the dungeon, and saw 4 of its levels.

You collected 119 gold pieces.

Inventory:

Armour
 l - a +0 pair of gloves (worn)
Wands
 r - a wand of random effects (15)
 t - a wand of fire (10)
Scrolls
 c - 3 scrolls of remove curse {unknown}
 d - 3 scrolls of enchant armour {unknown}
 e - a scroll of amnesia {unknown}
 f - a scroll of immolation
 h - a scroll of blinking {unknown}
 i - a scroll of random uselessness {unknown}
 m - 4 scrolls of identify {unknown}
 n - a scroll of teleportation {unknown}
 p - 3 scrolls of fog {unknown}
Potions
 o - a potion of brilliance
 q - a potion of lignification {unknown}
 u - a potion of resistance
 v - a potion of haste {unknown}
Books
 a - a book of Air

   Spells                             Type                      Level
   a - Shock                          Conjuration/Air              1
   b - Swiftness                      Charms/Air                   2
   c - Repel Missiles                 Charms/Air                   2
   d - Static Discharge               Conjuration/Air              3
   e - Lightning Bolt                 Conjuration/Air              5
Comestibles
 b - 3 bread rations
 g - 3 meat rations
 j - 2 beef jerkies
 s - 2 fruits
 w - a royal jelly


   Skills:
 + Level 2.3 Fighting
 + Level 3.5 Dodging
 + Level 2.2 Stealth
 + Level 1.8 Unarmed Combat
 + Level 4.0 Spellcasting
 + Level 3.2 Conjurations
 + Level 5.8 Air Magic


You had 13 spell levels left.
You knew the following spells:

 Your Spells              Type           Power        Failure   Level  Hunger
a - Shock                 Conj/Air       ###.         1%          1    None


Dungeon Overview and Level Annotations

Branches:
Dungeon (4/15)
 Temple: D:4-7

Altars:
Ashenzari
Nemelex Xobeh
Okawaru
Qazlal


Innate Abilities, Weirdness & Mutations

You can breathe wild blasts of lightning.
Your glossy black scales are hard (AC +6).
Your body does not fit into most forms of armour.
You are resistant to electric shocks.
You are cold-blooded and may be slowed by cold attacks.


Message History

You completely miss something. Something completely misses you.
You hear some strange, mumbled words.
A puff of flame appears from out of thin air!
The puff of flame misses you.
You're too confused to move!
You feel less confused. Something hits you.
* * * LOW HITPOINT WARNING * * *
You feel better.
You hear some strange, mumbled words.
A puff of flame appears from out of thin air!
The puff of flame hits you!
* * * LOW HITPOINT WARNING * * *
Something hits you but does no damage.
You closely miss something. Something hits you but does no damage.
Zapping:
t - a wand of fire (will waste charges)
Press: ? - help, Shift-Dir - straight line The bolt of fire hits something.
The fiery explosion engulfs you!
Ouch! That really hurt!
You die...

..'....# #....#.....#
..#....# ##...).....+
..##'###
##)..#...).#+#
..+....#
#....#.........
..#....#
#....#.....)...
..###'##
#....#.........
..##..##
#....'.........
...+...#
#....#§........
####...#
##..§§@........
...#+#.#
##..§§###+###+
.......# #..........#
.......# #..........+
.......# #.........##
.......#######.##...#
.............#.##...#
.............#......+
+#...........+......#


There were no monsters in sight!

Vanquished Creatures
  A phantom (D:4)
  2 ogres (D:4)
  A big kobold (D:4)
  A scorpion (D:4)
  A hound (D:4)
  2 orc priests (D:4)
  An orc wizard (D:4)
  A worker ant (D:4)
  8 adders
  2 oozes (D:2)
  3 giant geckos
  11 orcs
  13 bats
  7 giant cockroaches
  6 goblins
  10 hobgoblins
  5 jackals
  A quokka (D:2)
  3 ball pythons
  A giant gecko skeleton (D:4)
  3 giant newts
  8 kobolds
  13 rats
104 creatures vanquished.

Notes
Turn   | Place    | Note
--------------------------------------------------------------
     0 | D:1      | Umaruun the Draconian Air Elementalist began the quest for the Orb.
     0 | D:1      | Reached XP level 1. HP: 14/14 MP: 3/3
   141 | D:1      | Reached XP level 2. HP: 17/20 MP: 1/5
   227 | D:1      | HP: 1/20 [hobgoblin (1)]
   925 | D:1      | Reached XP level 3. HP: 22/26 MP: 2/6
  1450 | D:2      | HP: 1/26 [poisoned by an adder]
  1512 | D:2      | Reached XP level 4. HP: 25/33 MP: 2/7
  1779 | D:2      | Found a shattered altar of Ashenzari.
  1946 | D:2      | Reached skill level 1 in Unarmed Combat
  2838 | D:4      | Noticed an ogre
  2849 | D:4      | Killed an ogre
  2849 | D:4      | Reached skill level 1 in Fighting
  2849 | D:4      | Reached skill level 4 in Air Magic
  2849 | D:4      | Reached XP level 5. HP: 18/40 MP: 0/9
  3089 | D:4      | Found a sparkling altar of Nemelex Xobeh.
  3135 | D:4      | Noticed a big kobold
  3168 | D:4      | Found a stormy altar of Qazlal.
  3174 | D:4      | Reached XP level 6. HP: 11/47 MP: 3/11
  3177 | D:4      | Killed a big kobold
  3503 | D:4      | Found an iron altar of Okawaru.
  3841 | D:4      | Noticed a phantom
  3905 | D:4      | Killed a phantom
  3905 | D:4      | Reached skill level 5 in Air Magic
  3905 | D:4      | Your scales start taking on a glossy black colour.
  3905 | D:4      | Gained mutation: You are resistant to electric shocks. [Black Draconian growth]
  3905 | D:4      | Reached XP level 7. HP: 37/53 MP: 0/12
  4061 | D:4      | Noticed an ogre
  4066 | D:4      | Killed an ogre
  4153 | D:4      | Killed from afar by an orc wizard

Vault maps used:
D:1:      lightli_arrival_boilingwater, minivault_23, minmay_misc_feat_rows
D:2:      lemuel_doored_altar, first_bread, serial_glass, glass_columns_b,
          glass_columns_a, serial_park_tiny_pond, kennysheep_small_spiral
D:4:      lemuel_round_altar, nicolae_overflow_quartered_altars,
          nemelex_lonely_heart_becter

Action                   |  1- 3 |  4- 6 |  7- 9 || total
-------------------------+-------+-------+-------++-------
Melee: Unarmed           |   101 |    69 |    24 ||   194
 Cast: Shock             |    75 |   129 |    23 ||   227
Evoke: Wand              |       |     1 |     1 ||     2
  Use: Potion            |     5 |     2 |     2 ||     9
       Scroll            |       |       |     1 ||     1
 Stab: Distracted        |       |     1 |       ||     1
  Eat: Chunk             |     2 |     8 |     1 ||    11
